Map: Neon Violet Square LE

Players

fruitcake

  • Race: Zerg Zerg
  • Spawn Location: 11:00

A.I. 1 (Elite) - Winner!

  • Race: Zerg Zerg
  • Spawn Location: 5:00

VOD

Have the link to the VOD?

Description

Time

  • Played on: May 5, 2018, 9:34 p.m.
  • Length: 15:10
Show
View Real Time Build Order
Export as new Build Order

fruitcake Zerg 

Build Orders: Pool First 

Get SALT Encoding   

  12  0:02  Drone  
  13  0:13  Overlord  
  13  0:19  Drone  
  14  0:28  Extractor  
  14  0:31  Extractor  
  13  0:39  Spawning Pool  
  12  0:44  Drone  
  12  0:48  Drone  
  14  0:52  Drone  
  15  0:57  Drone  
  16  1:08  Drone  
  17  1:17  Overlord  
  17  1:25  Extractor  
  17  1:27  Queen  
  17  1:30  Drone  
  19  1:39  Zergling x2  
  20  1:50  Drone  
  21  2:06  Hatchery  
  20  2:20  Drone x2  
  22  2:28  Zergling x2  
  23  2:35  Drone  
  24  2:40  Lair  
  24  2:47  Roach Warren  
  24  2:49  Drone  
  24  2:57  Zergling x4  
  26  3:03  Drone x2  
  28  3:13  Zergling x2  
  29  3:29  Drone  
  29  3:30  Drone x2  
  29  3:31  Drone, Queen  
  29  3:33  Drone  
  36  3:41  Glial Reconstitution  
  36  3:45  Overlord  
  36  3:50  Overlord  
  36  4:07  Queen  
  38  4:15  Roach  
  38  4:16  Roach x3  
  46  4:18  Roach  
  46  4:20  Roach  
  50  4:25  Drone  
  50  4:27  Drone  
  52  4:57  Overlord x2  
  52  5:06  Extractor  
  51  5:07  Drone  
  51  5:09  Extractor  
  51  5:10  Drone  
  52  5:19  Evolution Chamber  
  51  5:33  Roach x4  
  51  5:35  Roach x4  
  67  5:37  Overlord  
  67  5:40  Overlord  
  67  5:47  Drone  
  68  5:56  Roach  
  70  5:58  Roach x3  
  70  6:01  Roach x2  
  80  6:12  Hatchery  
  80  6:17  Roach  
  80  6:18  Roach  
  83  6:20  Zergling x2  
  84  6:27  Overlord  
  84  6:50  Zerg Missile Weapons Level 1  
  84  6:57  Spire  
  84  7:00  Drone x3  
  86  7:05  Roach  
  86  7:06  Roach  
  86  7:07  Roach  
  92  7:09  Overlord  
  92  7:10  Overlord x2  
  92  7:32  Drone  
  92  7:33  Drone x4  
  97  7:39  Overlord  
  97  7:43  Drone  
  97  7:44  Drone x6  
  104  8:08  Mutalisk  
  104  8:09  Mutalisk x2  
  110  8:13  Mutalisk  
  110  8:14  Mutalisk x3  
  110  8:16  Mutalisk  
  120  8:35  Drone  
  120  8:37  Drone  
  120  8:38  Drone  
  120  8:39  Drone x2  
  125  8:45  Mutalisk x2  
  129  8:48  Overlord x2  
  129  8:50  Overlord  
  129  8:53  Drone  
  130  9:17  Roach Warren  
  122  9:36  Roach x3  
  122  9:38  Roach x5  
  117  10:13  Hydralisk Den  
  114  10:24  Mutalisk  
  114  10:25  Mutalisk x2  
  114  10:26  Mutalisk x4, Corruptor  
  114  10:27  Corruptor x2  
  114  10:28  Mutalisk  
  136  10:43  Extractor  
  136  10:45  Extractor  
  136  10:49  Hydralisk x4  
  136  10:51  Hydralisk  
  136  10:54  Overlord x5  
  144  11:11  Hydralisk  
  144  11:12  Hydralisk x3  
  144  11:14  Hydralisk  
  154  11:25  Queen  
  156  11:30  Hydralisk  
  156  11:31  Hydralisk x2  
  162  11:32  Hydralisk  
  162  11:39  Drone  
  165  11:46  Roach, Hydralisk  
  167  11:47  Mutalisk  
  167  11:49  Hydralisk  
  167  11:52  Hydralisk  
  175  12:03  Hydralisk  
  171  12:18  Hatchery  
  152  12:38  Hydralisk  
  152  12:39  Mutalisk, Hydralisk x2  
  152  12:40  Mutalisk x4, Hydralisk  
  152  12:41  Hydralisk  
  88  13:00  Hydralisk  
  88  13:01  Mutalisk, Roach, Hydralisk x2  
  88  13:02  Roach x2  
  96  13:18  Mutalisk, Hydralisk x2  
  96  13:19  Roach  
  102  13:31  Grooved Spines  
  102  13:43  Drone  
  102  13:48  Drone x2  
  104  13:55  Extractor  
  104  13:57  Extractor  
  104  13:58  Mutalisk x3, Hydralisk x2  
  104  13:59  Roach x2  
  104  14:00  Roach  
  104  14:02  Roach  
  121  14:05  Roach  
  121  14:08  Roach  
  123  14:14  Drone x2  
  123  14:15  Drone  
  126  14:24  Mutalisk, Hydralisk  
  126  14:25  Roach  
  126  14:28  Roach  
  134  14:31  Roach  
  134  14:34  Roach  
  138  14:38  Drone  
  137  14:50  Roach  
Show
View Real Time Build Order
Export as new Build Order

A.I. 1 (Elite) Zerg - Winner!

Build Orders: Pool First 

Get SALT Encoding   

  12  0:00  Drone  
  13  0:13  Overlord  
  13  0:18  Drone  
  14  0:31  Drone x2  
  14  0:34  Drone  
  17  0:49  Spawning Pool  
  16  0:50  Drone  
  17  1:11  Hatchery  
  17  1:14  Drone  
  17  1:17  Extractor  
  16  1:19  Drone  
  16  1:24  Extractor  
  16  1:25  Drone  
  17  1:29  Drone  
  18  1:39  Drone  
  19  1:49  Overlord  
  19  1:56  Queen  
  19  2:00  Zergling x2  
  22  2:11  Drone  
  23  2:23  Queen  
  23  2:27  Drone  
  26  2:34  Drone  
  27  2:37  Drone  
  27  2:42  Drone  
  29  2:55  Roach Warren  
  29  2:58  Drone  
  29  3:01  Drone  
  29  3:04  Zergling x2  
  31  3:08  Zergling x2  
  32  3:14  Overlord  
  32  3:17  Drone  
  32  3:19  Drone  
  34  3:35  Roach  
  34  3:36  Roach x3  
  42  3:44  Lair  
  42  3:49  Overlord  
  42  3:54  Overlord  
  42  3:57  Zergling x2  
  42  3:59  Zergling x2  
  44  4:07  Zergling x2, Drone x2  
  44  4:09  Drone  
  48  4:11  Drone  
  48  4:13  Drone  
  50  4:18  Overlord  
  50  4:23  Roach  
  52  4:26  Roach  
  52  4:30  Roach  
  56  4:33  Roach  
  56  4:37  Overlord  
  58  4:43  Drone  
  58  4:45  Drone  
  60  4:46  Hydralisk Den  
  60  4:47  Drone  
  60  4:50  Roach  
  60  4:52  Zergling x2  
  62  4:56  Roach  
  64  5:00  Overlord  
  64  5:06  Drone  
  65  5:09  Drone  
  65  5:11  Drone  
  65  5:12  Drone  
  68  5:14  Drone  
  68  5:17  Drone  
  68  5:18  Drone, Hydralisk  
  73  5:21  Hydralisk  
  73  5:26  Overlord  
  73  5:28  Drone  
  76  5:30  Drone  
  76  5:31  Drone  
  78  5:37  Drone  
  78  5:39  Infestation Pit  
  78  5:42  Drone  
  79  5:43  Drone  
  79  5:46  Overlord  
  79  5:49  Drone  
  81  5:50  Drone  
  82  5:59  Metabolic Boost  
  82  6:01  Evolution Chamber  
  81  6:07  Hatchery  
  80  6:12  Drone  
  80  6:16  Infestor x2  
  85  6:23  Ravager  
  85  6:24  Evolution Chamber  
  85  6:25  Roach  
  87  6:27  Zerg Ground Armor Level 1  
  87  6:30  Evolution Chamber  
  87  6:32  Drone  
  87  6:36  Extractor  
  87  6:37  Drone  
  87  6:38  Ravager  
  88  6:40  Drone, Extractor  
  88  6:42  Overlord  
  88  6:43  Roach  
  90  6:49  Zerg Missile Weapons Level 1  
  90  6:52  Hydralisk  
  92  6:56  Zerg Melee Weapons Level 1  
  92  6:58  Drone x2  
  94  7:01  Hydralisk  
  94  7:02  Drone x2, Overlord  
  94  7:03  Drone  
  99  7:17  Drone, Spine Crawler  
  99  7:19  Drone  
  99  7:20  Overseer, Drone x3  
  99  7:21  Overlord, Drone x3, Infestor  
  99  7:22  Drone  
  109  7:24  Drone  
  109  7:28  Extractor  
  110  7:30  Drone  
  110  7:32  Drone  
  110  7:34  Drone  
  112  7:40  Drone  
  112  7:43  Roach, Overlord  
  117  7:44  Roach, Infestor  
  117  7:48  Drone x2  
  117  7:49  Drone  
  123  7:51  Drone  
  123  7:54  Drone  
  123  7:56  Drone, Pathogen Glands  
  125  8:02  Drone  
  125  8:04  Overlord  
  126  8:07  Drone  
  128  8:12  Drone, Extractor  
  128  8:15  Roach, Drone x2  
  128  8:19  Drone, Spine Crawler  
  131  8:23  Overlord  
  131  8:24  Zerg Ground Armor Level 2  
  131  8:28  Queen  
  133  8:35  Drone x2  
  135  8:54  Zerg Melee Weapons Level 2  
  135  8:57  Drone, Hatchery, Zerg Missile Weapons Level 2  
  135  8:59  Spore Crawler  
  135  9:00  Drone  
  135  9:01  Spore Crawler, Drone  
  135  9:02  Spine Crawler  
  134  9:03  Drone  
  134  9:06  Hydralisk, Overlord  
  134  9:09  Hydralisk  
  139  9:19  Queen  
  139  9:22  Roach, Spine Crawler  
  139  9:23  Roach, Spore Crawler, Drone  
  144  9:24  Roach x3  
  144  9:25  Roach x2, Drone, Spire, Overlord  
  144  9:29  Roach  
  144  9:30  Zergling x2  
  147  9:32  Roach  
  147  9:33  Roach x2  
  147  9:34  Roach  
  147  9:36  Roach  
  143  9:39  Overseer  
  143  9:41  Zergling x2  
  143  9:44  Roach  
  128  9:47  Roach  
  128  9:51  Infestor  
  120  9:58  Ravager  
  120  9:59  Ravager  
  122  10:00  Infestor  
  122  10:02  Roach  
  122  10:03  Roach, Spine Crawler  
  122  10:05  Roach  
  131  10:07  Roach  
  131  10:08  Roach, Drone  
  131  10:09  Drone  
  131  10:10  Roach  
  131  10:11  Roach  
  131  10:14  Drone, Hydralisk, Extractor  
  138  10:15  Drone, Spine Crawler  
  138  10:17  Hydralisk  
  138  10:20  Extractor  
  138  10:21  Drone  
  143  10:27  Overlord, Infestor  
  145  10:36  Mutalisk x2  
  145  10:38  Corruptor  
  145  10:39  Mutalisk  
  153  10:44  Corruptor  
  153  10:47  Overlord  
  153  10:49  Corruptor  
  155  10:55  Corruptor  
  159  10:57  Spore Crawler  
  159  10:58  Drone  
  159  10:59  Spore Crawler  
  159  11:01  Drone  
  159  11:02  Infestor  
  161  11:09  Overseer  
  161  11:14  Pneumatized Carapace  
  161  11:16  Overseer  
  161  11:18  Mutalisk  
  161  11:19  Overlord  
  161  11:23  Mutalisk  
  165  11:27  Mutalisk  
  165  11:32  Corruptor  
  167  11:34  Spine Crawler  
  167  11:35  Drone  
  167  11:36  Spore Crawler  
  167  11:38  Drone, Corruptor, Overlord  
  171  11:40  Overseer  
  171  11:44  Corruptor  
  173  11:49  Corruptor  
  173  11:53  Corruptor  
  177  11:56  Hydralisk, Overlord  
  177  12:00  Corruptor  
  181  12:02  Hydralisk  
  181  12:05  Queen, Hydralisk  
  181  12:07  Hydralisk  
  185  12:09  Hydralisk  
  185  12:12  Hatchery, Hydralisk  
  185  12:13  Drone, Queen  
  185  12:14  Queen, Hydralisk  
  191  12:18  Hydralisk  
  191  12:19  Spine Crawler  
  191  12:20  Drone, Hydralisk  
  191  12:21  Spine Crawler  
  192  12:23  Drone  
  192  12:25  Drone, Spine Crawler  
  192  12:27  Queen  
  189  12:30  Overlord  
  189  12:34  Drone x2  
  175  12:40  Drone  
  175  12:42  Zergling x2, Drone  
  167  12:44  Queen  
  167  12:48  Zergling x2  
  167  12:50  Drone  
  167  12:51  Drone, Hydralisk Den  
  159  12:52  Drone  
  159  12:54  Drone  
  159  12:55  Drone  
  159  12:56  Drone  
  159  12:58  Drone  
  161  13:05  Infestation Pit  
  160  13:06  Drone  
  161  13:19  Hydralisk  
  161  13:21  Lurker Den  
  161  13:22  Hydralisk x2  
  161  13:23  Drone, Overlord  
  167  13:36  Ravager  
  167  13:38  Spore Crawler  
  167  13:40  Spore Crawler, Drone  
  167  13:42  Drone  
  167  13:44  Hive, Drone, Spine Crawler  
  167  13:47  Spore Crawler  
  167  13:48  Drone  
  167  13:49  Spore Crawler  
  167  13:51  Drone  
  168  14:10  Extractor  
  168  14:12  Drone  
  168  14:17  Extractor  
  168  14:18  Drone  
  168  14:20  Spore Crawler  
  168  14:21  Drone  
  168  14:22  Spore Crawler  
  168  14:24  Drone  
  168  14:25  Queen  
  170  14:35  Spine Crawler  
  170  14:36  Drone  
  170  14:37  Spore Crawler  
  170  14:38  Drone  
  170  14:39  Spine Crawler  
  170  14:40  Drone  
  170  14:41  Spore Crawler, Hydralisk  
  170  14:42  Drone  
  170  14:43  Spine Crawler  
  170  14:45  Drone  
  172  14:49  Zergling x4  
  172  14:50  Overseer, Overlord  
Tags
 
Add a new tag
Caveats
  • Supply blocks, unpowered buildings, or Contaminate may cause inaccurate times.
  • Supply counts are checked every 10 seconds.